AoeStats
← İvan'ın Anasını Dehleyen

Arena

510202741Analyzed
3v3 RM · 1d ago on Sep 29, 2026· 43m 8s· 6 players
Game mode
Random Map
Map size
Normal (6 player)
Population
200
Speed
Normal
Resources
Standard
Victory
Conquest
Starting age
Dark Age
Ending age
Imperial Age
RankedLock teamsTeams togetherTeam positionsShared explorationLock speedFull tech treeHidden civsTurbo modeCheats
Victory
Defeat
🇪🇨 Cumans · Ecuador
1214
+16
🇬🇧 Jurchens · United Kingdom
1210
+16
🇬🇧 Varangians · United Kingdom
1199
+16
🇹🇷 Malay · Türkiye
1293
-19
1250
-18
🇹🇷 Berbers · Türkiye
1075
-11
biodegradable plastic
11:05 Feudal Age
15:44 Castle Age
13:44 Double-Bit Axe
17:34 Bow Saw
18:12 Wheelbarrow
18:20 Wheelbarrow
21:36 Horse Collar
24:27 Hand Cart
24:29 Loom
24:39 Gold Mining
24:41 Stone Mining
25:05 Heavy Plow
29:01 Imperial Age
27:12 Gold Shaft Mining
29:28 Siege Engineers
29:11 Heavy Rocket Cart
31:09 Chemistry
32:32 Thunderclap Bombs
33:16 Conscription
32:19 Pikeman
32:59 Squires
33:12 Forging
33:02 Scale Mail Armor
34:09 Two-Man Saw
33:19 Halberdier
34:39 Iron Casting
35:31 Chain Mail Armor
36:05 Ballistics
37:44 Blast Furnace
38:49 Masonry
The Laughing Storm
10:03 Feudal Age
12:02 Horse Collar
12:30 Double-Bit Axe
16:36 Castle Age
17:39 Bow Saw
17:35 Scale Mail Armor
21:55 Heavy Plow
23:30 Wheelbarrow
24:52 Hand Cart
25:10 Chain Mail Armor
25:26 Arson
26:01 Gold Mining
26:33 Forging
26:46 Squires
26:34 Gambesons
31:57 Imperial Age
31:46 Iron Casting
32:09 Elite Varangian Guard
34:08 Plate Mail Armor
35:33 Capped Ram
37:34 Blast Furnace
36:36 Stone Mining
37:54 Two-Man Saw
39:06 Siege Ram
paulpacheco01
9:44 Feudal Age
12:56 Scale Mail Armor
13:08 Town Watch
12:55 Man-at-Arms
18:43 Forging
18:37 Horse Collar
21:31 Loom
24:12 Castle Age
22:26 Double-Bit Axe
24:20 Long Swordsman
secotify
10:41 Feudal Age
15:28 Castle Age
13:19 Double-Bit Axe
13:31 Horse Collar
14:27 Gold Mining
16:05 Loom
17:05 Bow Saw
19:43 Wheelbarrow
21:20 Scale Barding Armor
22:16 Bloodlines
23:25 Chain Barding Armor
29:49 Gold Shaft Mining
29:19 Heavy Plow
29:31 Stone Mining
34:09 Hand Cart
33:42 Town Watch
34:10 Forging
34:25 Husbandry
37:18 Iron Casting
36:43 Scale Mail Armor
36:22 Man-at-Arms
37:02 Squires
37:47 Loom
38:03 Town Patrol
37:29 Long Swordsman
45:05 Imperial Age
Furian
11:21 Feudal Age
12:23 Double-Bit Axe
16:31 Castle Age
16:18 Forging
24:08 Iron Casting
25:25 Arson
27:50 Loom
29:35 Squires
37:37 Imperial Age
34:36 Man-at-Arms
35:27 Long Swordsman
37:23 Wheelbarrow
36:29 Horse Collar
36:29 Two-Handed Swordsman
38:12 Gold Mining
38:45 Conscription
39:15 Forced Levy
İvan'ın Anasını Dehleyen
10:27 Feudal Age
15:24 Castle Age
13:45 Horse Collar
14:06 Double-Bit Axe
14:48 Fletching
15:38 Gold Mining
16:24 Stone Mining
16:36 Heavy Plow
16:25 Loom
22:44 Wheelbarrow
24:54 Crossbowman
26:26 Hand Cart
26:48 Gold Shaft Mining
27:05 Ballistics
27:31 Bow Saw
28:32 Bodkin Arrow
28:37 Padded Archer Armor
31:50 Town Watch
33:43 Yeomen
40:24 Man-at-Arms
Connection lost

Rejoining the realm…

Still unreachable

The connection could not be restored.

Session expired

The server has moved on; the page needs a fresh start.